Islanders vs Sabres

Created - January 6 2009 at 21:59

Goals
1 2 3 T
Islanders 1 0 2 3
Sabres 0 0 1 1
Shots
1 2 3 T
Islanders 5 4 10 19
Sabres 6 3 8 17

Period #1

1. Islanders , Ales Hemsky 10 (Brian Rolston, Niclas Havelid) at 19:53

Penalties :
Chris Pronger (BUF) for Holding Stick (Minor) at 0:58, Sean Bergenheim (NYI) for Holding (Minor) at 2:59, Kevin Bieksa (NYI) for Tripping (Minor) at 12:00, Hal Gill (BUF) for Roughing (Double Minor) at 14:35

Period #2

No Goal

Penalties :
Adam Mair (BUF) for Elbowing (Minor) at 4:17, Paul Gaustad (BUF) for Roughing (Minor) at 9:28, Chris Pronger (BUF) for Cross-checking (Minor) at 17:34

Period #3

2. Islanders , Wojtek Wolski 12 (Mike Cammalleri, Anze Kopitar) at 0:21
3. Islanders , Anze Kopitar 9 (Wojtek Wolski, Brian Rafalski) at 5:29
4. Sabres , Derek Roy 12 (Jason Pominville) at 14:45

Penalties :
Anton Volchenkov (BUF) for Hooking (Minor) at 0:44, Jason Pominville (BUF) for Hooking (Minor) at 2:15, Scott Niedermayer (NYI) for Hooking (Minor) at 7:19, Teppo Numminen (BUF) for Close Hand On Puck (Minor) at 19:03

Goalie Stats

Pascal Leclaire (NYI), 16 saves from 17 shots - (0.941), W, 9-3-1, 60:00 minutes
Ryan Miller (BUF), 16 saves from 19 shots - (0.842), L, 21-8-1, 60:00 minutes

Players Stats

Islanders
Player Name              G  A  P  +/- PIM S  H  SB FO    MP 
------------------------------------------------------------
Ales Hemsky              1  0  1   1  0   1  1  0  0/0   18 
Anze Kopitar             1  1  2   1  0   6  2  0  7/14  20 
Brian Rafalski           0  1  1   2  0   1  1  0  0/0   23 
Brian Rolston            0  1  1   1  0   2  2  0  0/1   18 
Ian Laperriere           0  0  0   0  0   0  4  1  1/1   10 
Keith Carney             0  0  0   0  0   0  2  0  0/0   12 
Kevin Bieksa             0  0  0   0  2   0  1  0  0/0   16 
Mike Cammalleri          0  1  1   0  0   2  2  0  0/2   18 
Mike Sillinger           0  0  0   1  0   0  0  1  6/14  14 
Niclas Havelid           0  1  1   1  0   1  0  1  0/0   21 
Patrick O'Sullivan       0  0  0   1  0   1  5  0  0/0   18 
Pavel Datsyuk            0  0  0   0  0   1  0  0  15/33 20 
Peter Forsberg           0  0  0   0  0   1  5  0  1/3   18 
Scott Niedermayer        0  0  0   0  2   0  1  0  0/0   22 
Sean Bergenheim          0  0  0   0  2   1  0  0  0/0   6  
Valtteri Filppula        0  0  0   0  0   0  0  0  5/7   9  
Willie Mitchell          0  0  0   1  0   0  0  1  0/0   19 
Wojtek Wolski            1  1  2   1  0   2  1  0  0/0   13 
Sabres
Player Name              G  A  P  +/- PIM S  H  SB FO    MP 
------------------------------------------------------------
Adam Mair                0  0  0   0  2   0  1  0  3/9   8  
Anton Volchenkov         0  0  0  -1  2   1  3  0  0/0   22 
Chris Pronger            0  0  0   0  4   1  2  0  0/0   22 
Clarke MacArthur         0  0  0  -1  0   1  0  0  0/2   14 
Dan Paille               0  0  0   0  0   2  3  0  0/1   12 
Daniel Brière            0  0  0   0  0   1  0  0  6/15  15 
Derek Roy                1  0  1   0  0   3  0  0  9/12  21 
Drew Stafford            0  0  0   0  0   1  0  0  0/0   5  
Hal Gill                 0  0  0  -2  4   0  3  3  0/0   20 
Henrik Tallinder         0  0  0   0  0   0  1  0  0/0   19 
Jason Pominville         0  1  1   0  2   0  0  0  0/0   20 
Jochen Hecht             0  0  0  -1  0   0  0  1  7/9   19 
Marian Gaborik           0  0  0  -1  0   3  0  0  0/0   13 
Mike Mottau              0  0  0  -1  0   0  0  1  0/0   14 
Paul Gaustad             0  0  0  -1  2   0  4  0  4/10  14 
Sidney Crosby            0  0  0  -1  0   2  0  0  10/15 16 
Teppo Numminen           0  0  0   0  2   1  1  1  0/0   19 
Thomas Vanek             0  0  0  -1  0   1  1  0  1/2   11 

3 Stars

1 - Anze Kopitar (NYI)
2 - Wojtek Wolski (NYI)
3 - Ales Hemsky (NYI)

Power Play

Islanders - 0 on 8 Attempt(s) - 0.00%
Sabres - 0 on 3 Attempt(s) - 0.00%

Penalty Kill

Islanders - 3 on 3 Attempt(s) - 100.00% - Score 0 goal in Penalty Kill
Sabres - 8 on 8 Attempt(s) - 100.00% - Score 0 goal in Penalty Kill

Game Notes

No Game Note

Finance

Level 1 -- Attendance: 6230 (100.00%) -- Ticket Income $591,850.00
Level 2 -- Attendance: 5098 (98.19%) -- Ticket Income $295,684.00
Level 3 -- Attendance: 2077 (100.00%) -- Ticket Income $58,156.00
Level 4 -- Attendance: 4153 (100.00%) -- Ticket Income $74,754.00
Luxury Box -- Attendance: 1038 (100.00%) -- Ticket Income $186,840.00
Game was played at the HSBC Arena
Total Attendance: 18596 (99.50%)
Total Ticket Income: $1,314,410.00
Other Income: $423,530.40
Total Income: $1,737,940.00


Team Lines

Islanders

5 vs 5
   Center                   Left Wing                Right Wing               Defense                  Defense                  
 1 Pavel Datsyuk            Peter Forsberg           Patrick O'Sullivan       Scott Niedermayer        Kevin Bieksa             
 2 Mike Sillinger           Brian Rolston            Ales Hemsky              Brian Rafalski           Niclas Havelid           
 3 Anze Kopitar             Wojtek Wolski            Mike Cammalleri          Keith Carney             Willie Mitchell          
 4 Valtteri Filppula        Sean Bergenheim          Ian Laperriere           Brian Rafalski           Scott Niedermayer        

Power Play
   Center                   Left Wing                Right Wing               Defense                  Defense                  
 1 Anze Kopitar             Brian Rolston            Mike Cammalleri          Scott Niedermayer        Brian Rafalski           
 2 Pavel Datsyuk            Peter Forsberg           Ales Hemsky              Niclas Havelid           Patrick O'Sullivan       

Penalty Kill - 4 Players
   Center                   Wing                     Defense                  Defense                  
 1 Mike Sillinger           Ian Laperriere           Scott Niedermayer        Brian Rafalski           
 2 Pavel Datsyuk            Valtteri Filppula        Willie Mitchell          Kevin Bieksa             

4 vs 4
   Center                   Wing                     Defense                  Defense                  
 1 Pavel Datsyuk            Brian Rolston            Scott Niedermayer        Brian Rafalski           
 2 Anze Kopitar             Ales Hemsky              Niclas Havelid           Peter Forsberg           

Penalty Kill - 3 Players
   Forward                  Defense                  Defense                  
 1 Mike Sillinger           Scott Niedermayer        Kevin Bieksa             
 2 Pavel Datsyuk            Brian Rafalski           Willie Mitchell          

Goaltenders
Starting : Pascal Leclaire          
Backup : Fredrik Norrena          

Extra Forwards
Pavel Datsyuk, Anze Kopitar, Brian Rolston, Peter Forsberg, Ales Hemsky
Extra Defensemen
Scott Niedermayer, Brian Rafalski, Niclas Havelid, Willie Mitchell, Kevin Bieksa
Penalty Shots
Patrick O'Sullivan, Pavel Datsyuk, Ales Hemsky, Brian Rolston, Peter Forsberg
Coach Strategy
Physical Style: 0 - Defense Style: 3 - Offense Style: 2

Sabres

5 vs 5
   Center                   Left Wing                Right Wing               Defense                  Defense                  
 1 Sidney Crosby            Thomas Vanek             Marian Gaborik           Chris Pronger            Anton Volchenkov         
 2 Daniel Brière            Derek Roy                Jason Pominville         Teppo Numminen           Henrik Tallinder         
 3 Paul Gaustad             Clarke MacArthur         Jochen Hecht             Hal Gill                 Mike Mottau              
 4 Adam Mair                Dan Paille               Drew Stafford            Chris Pronger            Anton Volchenkov         

Power Play
   Center                   Left Wing                Right Wing               Defense                  Defense                  
 1 Sidney Crosby            Derek Roy                Marian Gaborik           Chris Pronger            Teppo Numminen           
 2 Daniel Brière            Thomas Vanek             Jason Pominville         Henrik Tallinder         Anton Volchenkov         

Penalty Kill - 4 Players
   Center                   Wing                     Defense                  Defense                  
 1 Jochen Hecht             Jason Pominville         Chris Pronger            Anton Volchenkov         
 2 Derek Roy                Dan Paille               Teppo Numminen           Hal Gill                 

4 vs 4
   Center                   Wing                     Defense                  Defense                  
 1 Sidney Crosby            Marian Gaborik           Chris Pronger            Teppo Numminen           
 2 Daniel Brière            Derek Roy                Henrik Tallinder         Anton Volchenkov         

Penalty Kill - 3 Players
   Forward                  Defense                  Defense                  
 1 Jochen Hecht             Chris Pronger            Anton Volchenkov         
 2 Derek Roy                Teppo Numminen           Hal Gill                 

Goaltenders
Starting : Ryan Miller              
Backup : Dany Sabourin            

Extra Forwards
Sidney Crosby, Derek Roy, Marian Gaborik, Jason Pominville, Daniel Brière
Extra Defensemen
Chris Pronger, Anton Volchenkov, Teppo Numminen, Hal Gill, Henrik Tallinder
Penalty Shots
Sidney Crosby, Marian Gaborik, Derek Roy, Jason Pominville, Thomas Vanek
Coach Strategy
Physical Style: 1 - Defense Style: 2 - Offense Style: 2

Play by Play

Period #1

0:01 of 1st period - Pavel Datsyuk wins face-off versus Thomas Vanek in neutral zone.
0:17 of 1st period - Shot by Marian Gaborik.
0:17 of 1st period - Stopped by Pascal Leclaire without a rebound.
0:18 of 1st period - Daniel Brière wins face-off versus Mike Sillinger in Islanders zone.
0:29 of 1st period - Shot by Daniel Brière.
0:29 of 1st period - Stopped by Pascal Leclaire with a rebound.
0:31 of 1st period - Shot by Teppo Numminen.
0:31 of 1st period - Stopped by Pascal Leclaire without a rebound.
0:32 of 1st period - Paul Gaustad wins face-off versus Anze Kopitar in Islanders zone.
0:32 of 1st period - Paul Gaustad is hit by Keith Carney.
0:44 of 1st period - Icing by Keith Carney.
0:45 of 1st period - Sidney Crosby wins face-off versus Anze Kopitar in Islanders zone.
0:45 of 1st period - Sidney Crosby is hit by Keith Carney.
0:54 of 1st period - Wojtek Wolski is hit by Anton Volchenkov and loses puck.
0:58 of 1st period - Minor Penalty to Chris Pronger for Holding Stick.
0:59 of 1st period - Derek Roy wins face-off versus Peter Forsberg in Sabres zone.
2:06 of 1st period - Shot by Brian Rolston.
2:06 of 1st period - Deflect By Anze Kopitar.
2:06 of 1st period - Stopped by Ryan Miller without a rebound.
2:07 of 1st period - Jochen Hecht wins face-off versus Anze Kopitar in Sabres zone.
2:15 of 1st period - Icing by Scott Niedermayer.
2:16 of 1st period - Anze Kopitar wins face-off versus Jochen Hecht in Islanders zone.
2:29 of 1st period - Shot by Brian Rafalski.
2:29 of 1st period - Stopped by Ryan Miller without a rebound.
2:30 of 1st period - Jochen Hecht wins face-off versus Pavel Datsyuk in Sabres zone.
2:39 of 1st period - Anton Volchenkov is hit by Peter Forsberg and loses puck.
2:59 of 1st period - Minor Penalty to Sean Bergenheim for Holding.
3:00 of 1st period - Sidney Crosby wins face-off versus Mike Sillinger in Sabres zone.
3:37 of 1st period - Shot by Marian Gaborik.
3:37 of 1st period - Shot Blocked by Mike Sillinger.
4:38 of 1st period - Icing by Derek Roy.
4:39 of 1st period - Sidney Crosby wins face-off versus Pavel Datsyuk in Sabres zone.
5:23 of 1st period - Wojtek Wolski is hit by Paul Gaustad and loses puck.
5:55 of 1st period - Icing by Chris Pronger.
5:56 of 1st period - Mike Sillinger wins face-off versus Adam Mair in Sabres zone.
7:18 of 1st period - Shot by Pavel Datsyuk.
7:18 of 1st period - Shot Misses the Net.
7:20 of 1st period - Shot by Pavel Datsyuk.
7:20 of 1st period - Stopped by Ryan Miller without a rebound.
7:21 of 1st period - Pavel Datsyuk wins face-off versus Sidney Crosby in Sabres zone.
7:33 of 1st period - Shot by Marian Gaborik.
7:33 of 1st period - Stopped by Pascal Leclaire without a rebound.
7:34 of 1st period - Anze Kopitar wins face-off versus Adam Mair in Islanders zone.
7:43 of 1st period - Shot by Wojtek Wolski.
7:43 of 1st period - Shot Misses the Net.
8:32 of 1st period - Shot by Jochen Hecht.
8:32 of 1st period - Shot Misses the Net.
8:53 of 1st period - Icing by Kevin Bieksa.
8:54 of 1st period - Pavel Datsyuk wins face-off versus Daniel Brière in Islanders zone.
9:36 of 1st period - Shot by Jason Pominville.
9:36 of 1st period - Deflect By Derek Roy.
9:36 of 1st period - Shot Misses the Net.
11:28 of 1st period - Icing by Jason Pominville.
11:29 of 1st period - Anze Kopitar wins face-off versus Daniel Brière in Sabres zone.
11:43 of 1st period - Icing by Henrik Tallinder.
11:44 of 1st period - Valtteri Filppula wins face-off versus Daniel Brière in Sabres zone.
11:45 of 1st period - Shot by Sean Bergenheim.
11:45 of 1st period - Stopped by Ryan Miller without a rebound.
11:46 of 1st period - Sidney Crosby wins face-off versus Valtteri Filppula in Sabres zone.
12:00 of 1st period - Minor Penalty to Kevin Bieksa for Tripping.
12:01 of 1st period - Sidney Crosby wins face-off versus Pavel Datsyuk in Islanders zone.
12:04 of 1st period - Shot by Teppo Numminen.
12:04 of 1st period - Shot Misses the Net.
12:08 of 1st period - Shot by Chris Pronger.
12:08 of 1st period - Shot Misses the Net.
12:30 of 1st period - Shot by Marian Gaborik.
12:30 of 1st period - Deflect By Sidney Crosby.
12:30 of 1st period - Stopped by Pascal Leclaire with a rebound.
13:00 of 1st period - Shot by Thomas Vanek.
13:00 of 1st period - Shot Hit the Post.
13:56 of 1st period - Shot by Thomas Vanek.
13:56 of 1st period - Stopped by Pascal Leclaire without a rebound.
13:57 of 1st period - Daniel Brière wins face-off versus Pavel Datsyuk in Islanders zone.
14:10 of 1st period - Anze Kopitar is hit by Paul Gaustad and loses puck.
14:28 of 1st period - Anze Kopitar is hit by Hal Gill.
14:35 of 1st period - Double Minor Penalty to Hal Gill for Roughing.
14:36 of 1st period - Derek Roy wins face-off versus Pavel Datsyuk in Sabres zone.
14:42 of 1st period - Icing by Pavel Datsyuk.
14:43 of 1st period - Pavel Datsyuk wins face-off versus Jochen Hecht in Islanders zone.
15:11 of 1st period - Dan Paille is hit by Peter Forsberg and loses puck.
15:22 of 1st period - Scott Niedermayer is hit by Dan Paille and loses puck.
16:43 of 1st period - Icing by Mike Cammalleri.
16:44 of 1st period - Derek Roy wins face-off versus Mike Sillinger in Islanders zone.
18:13 of 1st period - Off-side.
18:14 of 1st period - Jochen Hecht wins face-off versus Anze Kopitar in neutral zone.
19:13 of 1st period - Mike Mottau is hit by Ian Laperriere and loses puck.
19:21 of 1st period - Icing by Mike Mottau.
19:22 of 1st period - Anze Kopitar wins face-off versus Clarke MacArthur in Sabres zone.
19:30 of 1st period - Icing by Paul Gaustad.
19:31 of 1st period - Paul Gaustad wins face-off versus Mike Sillinger in Sabres zone.
19:53 of 1st period - Shot by Ales Hemsky.
19:53 of 1st period - Goal by Ales Hemsky - Islanders : 1 - Sabres : 0.
19:54 of 1st period - Adam Mair wins face-off versus Peter Forsberg in neutral zone.

Period #2

0:01 of 2nd period - Sidney Crosby wins face-off versus Pavel Datsyuk in neutral zone.
0:16 of 2nd period - Shot by Sidney Crosby.
0:16 of 2nd period - Stopped by Pascal Leclaire with a rebound.
0:18 of 2nd period - Shot by Anton Volchenkov.
0:18 of 2nd period - Stopped by Pascal Leclaire without a rebound.
0:19 of 2nd period - Daniel Brière wins face-off versus Mike Sillinger in Islanders zone.
1:01 of 2nd period - Shot by Mike Sillinger.
1:01 of 2nd period - Shot Misses the Net.
1:16 of 2nd period - Icing by Scott Niedermayer.
1:17 of 2nd period - Sidney Crosby wins face-off versus Pavel Datsyuk in Islanders zone.
2:07 of 2nd period - Mike Cammalleri is hit by Anton Volchenkov and loses puck.
2:22 of 2nd period - Shot by Wojtek Wolski.
2:22 of 2nd period - Deflect By Anze Kopitar.
2:22 of 2nd period - Stopped by Ryan Miller without a rebound.
2:23 of 2nd period - Paul Gaustad wins face-off versus Mike Sillinger in Sabres zone.
2:35 of 2nd period - Jochen Hecht is hit by Ales Hemsky and loses puck.
3:18 of 2nd period - Shot by Derek Roy.
3:18 of 2nd period - Stopped by Pascal Leclaire without a rebound.
3:19 of 2nd period - Pavel Datsyuk wins face-off versus Daniel Brière in Islanders zone.
3:52 of 2nd period - Daniel Brière is hit by Patrick O'Sullivan and loses puck.
4:08 of 2nd period - Icing by Kevin Bieksa.
4:09 of 2nd period - Pavel Datsyuk wins face-off versus Adam Mair in Islanders zone.
4:09 of 2nd period - Patrick O'Sullivan is hit by Adam Mair and loses puck.
4:17 of 2nd period - Minor Penalty to Adam Mair for Elbowing.
4:18 of 2nd period - Jochen Hecht wins face-off versus Mike Cammalleri in neutral zone.
4:29 of 2nd period - Hal Gill is hit by Brian Rolston and loses puck.
4:36 of 2nd period - Shot by Mike Cammalleri.
4:36 of 2nd period - Stopped by Ryan Miller without a rebound.
4:37 of 2nd period - Jochen Hecht wins face-off versus Anze Kopitar in Sabres zone.
4:46 of 2nd period - Anton Volchenkov is hit by Anze Kopitar.
5:04 of 2nd period - Shot by Anze Kopitar.
5:04 of 2nd period - Stopped by Ryan Miller without a rebound.
5:05 of 2nd period - Derek Roy wins face-off versus Pavel Datsyuk in Sabres zone.
5:05 of 2nd period - Derek Roy is hit by Peter Forsberg.
5:24 of 2nd period - Anton Volchenkov is hit by Peter Forsberg and loses puck.
5:49 of 2nd period - Shot by Brian Rolston.
5:49 of 2nd period - Stopped by Ryan Miller without a rebound.
5:50 of 2nd period - Derek Roy wins face-off versus Brian Rolston in Sabres zone.
6:39 of 2nd period - Shot by Valtteri Filppula.
6:39 of 2nd period - Shot Misses the Net.
6:41 of 2nd period - Shot by Valtteri Filppula.
6:41 of 2nd period - Shot Blocked by Hal Gill.
6:45 of 2nd period - Shot by Valtteri Filppula.
6:45 of 2nd period - Shot Misses the Net.
9:28 of 2nd period - Minor Penalty to Paul Gaustad for Roughing.
9:29 of 2nd period - Pavel Datsyuk wins face-off versus Derek Roy in Islanders zone.
10:34 of 2nd period - Shot by Brian Rafalski.
10:34 of 2nd period - Shot Misses the Net.
10:38 of 2nd period - Shot by Peter Forsberg.
10:38 of 2nd period - Shot Misses the Net.
11:09 of 2nd period - Shot by Ales Hemsky.
11:09 of 2nd period - Shot Misses the Net.
11:42 of 2nd period - Paul Gaustad is hit by Ian Laperriere and loses puck.
11:49 of 2nd period - Shot by Paul Gaustad.
11:49 of 2nd period - Shot Misses the Net.
14:15 of 2nd period - Shot by Pavel Datsyuk.
14:15 of 2nd period - Shot Misses the Net.
14:20 of 2nd period - Icing by Clarke MacArthur.
14:21 of 2nd period - Valtteri Filppula wins face-off versus Clarke MacArthur in Sabres zone.
14:44 of 2nd period - Brian Rafalski is hit by Thomas Vanek and loses puck.
16:31 of 2nd period - Icing by Sean Bergenheim.
16:32 of 2nd period - Valtteri Filppula wins face-off versus Paul Gaustad in Islanders zone.
16:32 of 2nd period - Valtteri Filppula is hit by Paul Gaustad.
16:47 of 2nd period - Off-side.
16:48 of 2nd period - Paul Gaustad wins face-off versus Pavel Datsyuk in neutral zone.
16:51 of 2nd period - Pavel Datsyuk is hit by Paul Gaustad and loses puck.
17:03 of 2nd period - Icing by Kevin Bieksa.
17:04 of 2nd period - Adam Mair wins face-off versus Pavel Datsyuk in Islanders zone.
17:33 of 2nd period - Icing by Chris Pronger.
17:34 of 2nd period - Mike Sillinger wins face-off versus Adam Mair in Sabres zone.
17:34 of 2nd period - Minor Penalty to Chris Pronger for Cross-checking.
17:35 of 2nd period - Jochen Hecht wins face-off versus Anze Kopitar in Sabres zone.
18:08 of 2nd period - Derek Roy is hit by Brian Rolston and loses puck.
18:37 of 2nd period - Shot by Ales Hemsky.
18:37 of 2nd period - Shot Misses the Net.
19:41 of 2nd period - Marian Gaborik is hit by Wojtek Wolski and loses puck.

Period #3

0:01 of 3rd period - Anze Kopitar wins face-off versus Paul Gaustad in neutral zone.
0:06 of 3rd period - Hal Gill is hit by Mike Cammalleri and loses puck.
0:19 of 3rd period - Shot by Mike Cammalleri.
0:19 of 3rd period - Stopped by Ryan Miller with a rebound.
0:21 of 3rd period - Shot by Wojtek Wolski.
0:21 of 3rd period - Goal by Wojtek Wolski - Islanders : 2 - Sabres : 0.
0:22 of 3rd period - Adam Mair wins face-off versus Valtteri Filppula in neutral zone.
0:22 of 3rd period - Drew Stafford is hit by Ian Laperriere and loses puck.
0:36 of 3rd period - Off-side.
0:37 of 3rd period - Pavel Datsyuk wins face-off versus Sidney Crosby in neutral zone.
0:44 of 3rd period - Minor Penalty to Anton Volchenkov for Hooking.
0:45 of 3rd period - Derek Roy wins face-off versus Pavel Datsyuk in Sabres zone.
1:35 of 3rd period - Icing by Scott Niedermayer.
1:36 of 3rd period - Anze Kopitar wins face-off versus Derek Roy in Islanders zone.
1:38 of 3rd period - Icing by Brian Rafalski.
1:39 of 3rd period - Derek Roy wins face-off versus Anze Kopitar in Islanders zone.
2:15 of 3rd period - Minor Penalty to Jason Pominville for Hooking.
2:16 of 3rd period - Jochen Hecht wins face-off versus Pavel Datsyuk in neutral zone.
2:29 of 3rd period - Chris Pronger is hit by Peter Forsberg and loses puck.
2:58 of 3rd period - Brian Rafalski is hit by Dan Paille and loses puck.
3:18 of 3rd period - Henrik Tallinder is hit by Anze Kopitar and loses puck.
3:41 of 3rd period - Icing by Ales Hemsky.
3:42 of 3rd period - Sidney Crosby wins face-off versus Pavel Datsyuk in Islanders zone.
4:30 of 3rd period - Icing by Sidney Crosby.
4:31 of 3rd period - Sidney Crosby wins face-off versus Mike Sillinger in Sabres zone.
4:41 of 3rd period - Off-side.
4:42 of 3rd period - Sidney Crosby wins face-off versus Pavel Datsyuk in neutral zone.
5:29 of 3rd period - Shot by Anze Kopitar.
5:29 of 3rd period - Goal by Anze Kopitar - Islanders : 3 - Sabres : 0.
5:30 of 3rd period - Ian Laperriere wins face-off versus Daniel Brière in neutral zone.
5:49 of 3rd period - Shot by Valtteri Filppula.
5:49 of 3rd period - Shot Misses the Net.
5:51 of 3rd period - Shot by Niclas Havelid.
5:51 of 3rd period - Shot Misses the Net.
5:53 of 3rd period - Shot by Niclas Havelid.
5:53 of 3rd period - Stopped by Ryan Miller without a rebound.
5:54 of 3rd period - Peter Forsberg wins face-off versus Paul Gaustad in Sabres zone.
6:09 of 3rd period - Shot by Peter Forsberg.
6:09 of 3rd period - Shot Blocked by Jochen Hecht.
6:24 of 3rd period - Shot by Clarke MacArthur.
6:24 of 3rd period - Stopped by Pascal Leclaire without a rebound.
6:25 of 3rd period - Daniel Brière wins face-off versus Mike Sillinger in Islanders zone.
6:25 of 3rd period - Jason Pominville is hit by Brian Rafalski and loses puck.
6:51 of 3rd period - Shot by Ales Hemsky.
6:51 of 3rd period - Shot Misses the Net.
6:54 of 3rd period - Icing by Henrik Tallinder.
6:55 of 3rd period - Valtteri Filppula wins face-off versus Derek Roy in Sabres zone.
6:55 of 3rd period - Valtteri Filppula is hit by Henrik Tallinder.
7:19 of 3rd period - Shot by Dan Paille.
7:19 of 3rd period - Stopped by Pascal Leclaire without a rebound.
7:19 of 3rd period - Minor Penalty to Scott Niedermayer for Hooking.
7:20 of 3rd period - Pavel Datsyuk wins face-off versus Sidney Crosby in Islanders zone.
7:30 of 3rd period - Shot by Marian Gaborik.
7:30 of 3rd period - Shot Blocked by Willie Mitchell.
7:32 of 3rd period - Shot by Chris Pronger.
7:32 of 3rd period - Stopped by Pascal Leclaire without a rebound.
7:33 of 3rd period - Daniel Brière wins face-off versus Pavel Datsyuk in Islanders zone.
7:49 of 3rd period - Icing by Anton Volchenkov.
7:50 of 3rd period - Mike Sillinger wins face-off versus Daniel Brière in Sabres zone.
7:58 of 3rd period - Icing by Thomas Vanek.
7:59 of 3rd period - Mike Sillinger wins face-off versus Daniel Brière in Sabres zone.
8:38 of 3rd period - Shot by Marian Gaborik.
8:38 of 3rd period - Stopped by Pascal Leclaire without a rebound.
8:39 of 3rd period - Pavel Datsyuk wins face-off versus Sidney Crosby in Islanders zone.
8:59 of 3rd period - Shot by Sidney Crosby.
8:59 of 3rd period - Shot Blocked by Niclas Havelid.
9:03 of 3rd period - Shot by Marian Gaborik.
9:03 of 3rd period - Shot Misses the Net.
9:05 of 3rd period - Shot by Chris Pronger.
9:05 of 3rd period - Shot Misses the Net.
9:07 of 3rd period - Shot by Chris Pronger.
9:07 of 3rd period - Shot Blocked by Ian Laperriere.
9:55 of 3rd period - Shot by Mike Cammalleri.
9:55 of 3rd period - Deflect By Anze Kopitar.
9:55 of 3rd period - Stopped by Ryan Miller without a rebound.
9:56 of 3rd period - Pavel Datsyuk wins face-off versus Dan Paille in Sabres zone.
9:56 of 3rd period - Pavel Datsyuk is hit by Anton Volchenkov.
9:59 of 3rd period - Patrick O'Sullivan is hit by Chris Pronger and loses puck.
10:07 of 3rd period - Off-side.
10:08 of 3rd period - Pavel Datsyuk wins face-off versus Adam Mair in neutral zone.
10:21 of 3rd period - Patrick O'Sullivan is hit by Dan Paille and loses puck.
10:31 of 3rd period - Drew Stafford is hit by Kevin Bieksa and loses puck.
10:37 of 3rd period - Dan Paille is hit by Scott Niedermayer and loses puck.
11:02 of 3rd period - Shot by Brian Rafalski.
11:02 of 3rd period - Shot Misses the Net.
11:04 of 3rd period - Shot by Brian Rolston.
11:04 of 3rd period - Shot Misses the Net.
11:18 of 3rd period - Shot by Ales Hemsky.
11:18 of 3rd period - Shot Blocked by Teppo Numminen.
11:22 of 3rd period - Shot by Brian Rolston.
11:22 of 3rd period - Shot Misses the Net.
11:24 of 3rd period - Shot by Niclas Havelid.
11:24 of 3rd period - Shot Misses the Net.
12:02 of 3rd period - Off-side.
12:03 of 3rd period - Valtteri Filppula wins face-off versus Paul Gaustad in neutral zone.
12:55 of 3rd period - Wojtek Wolski is hit by Chris Pronger and loses puck.
13:06 of 3rd period - Shot by Anze Kopitar.
13:06 of 3rd period - Shot Misses the Net.
13:10 of 3rd period - Shot by Anze Kopitar.
13:10 of 3rd period - Stopped by Ryan Miller with a rebound.
13:12 of 3rd period - Shot by Mike Cammalleri.
13:12 of 3rd period - Shot Misses the Net.
13:19 of 3rd period - Icing by Anton Volchenkov.
13:20 of 3rd period - Thomas Vanek wins face-off versus Pavel Datsyuk in Sabres zone.
13:20 of 3rd period - Thomas Vanek is hit by Patrick O'Sullivan.
13:42 of 3rd period - Shot by Pavel Datsyuk.
13:42 of 3rd period - Shot Misses the Net.
13:44 of 3rd period - Shot by Kevin Bieksa.
13:44 of 3rd period - Shot Misses the Net.
13:46 of 3rd period - Shot by Peter Forsberg.
13:46 of 3rd period - Shot Misses the Net.
13:48 of 3rd period - Shot by Patrick O'Sullivan.
13:48 of 3rd period - Stopped by Ryan Miller without a rebound.
13:49 of 3rd period - Mike Sillinger wins face-off versus Paul Gaustad in Sabres zone.
13:50 of 3rd period - Shot by Brian Rolston.
13:50 of 3rd period - Shot Misses the Net.
13:52 of 3rd period - Shot by Ales Hemsky.
13:52 of 3rd period - Shot Misses the Net.
13:56 of 3rd period - Shot by Ales Hemsky.
13:56 of 3rd period - Shot Blocked by Hal Gill.
13:59 of 3rd period - Brian Rolston is hit by Hal Gill and loses puck.
14:10 of 3rd period - Ales Hemsky is hit by Hal Gill and loses puck.
14:25 of 3rd period - Shot by Ales Hemsky.
14:25 of 3rd period - Shot Blocked by Mike Mottau.
14:45 of 3rd period - Shot by Derek Roy.
14:45 of 3rd period - Goal by Derek Roy - Islanders : 3 - Sabres : 1.
14:46 of 3rd period - Daniel Brière wins face-off versus Pavel Datsyuk in neutral zone.
14:46 of 3rd period - Derek Roy is hit by Patrick O'Sullivan and loses puck.
14:50 of 3rd period - Off-side.
14:51 of 3rd period - Pavel Datsyuk wins face-off versus Adam Mair in neutral zone.
14:56 of 3rd period - Chris Pronger is hit by Patrick O'Sullivan and loses puck.
15:08 of 3rd period - Shot by Dan Paille.
15:08 of 3rd period - Stopped by Pascal Leclaire with a rebound.
15:10 of 3rd period - Shot by Chris Pronger.
15:10 of 3rd period - Shot Misses the Net.
15:14 of 3rd period - Shot by Drew Stafford.
15:14 of 3rd period - Stopped by Pascal Leclaire without a rebound.
15:15 of 3rd period - Anze Kopitar wins face-off versus Daniel Brière in Islanders zone.
15:55 of 3rd period - Shot by Derek Roy.
15:55 of 3rd period - Stopped by Pascal Leclaire with a rebound.
15:57 of 3rd period - Shot by Henrik Tallinder.
15:57 of 3rd period - Shot Misses the Net.
16:09 of 3rd period - Anton Volchenkov is hit by Mike Cammalleri and loses puck.
16:53 of 3rd period - Shot by Brian Rolston.
16:53 of 3rd period - Stopped by Ryan Miller without a rebound.
16:54 of 3rd period - Pavel Datsyuk wins face-off versus Paul Gaustad in Sabres zone.
17:21 of 3rd period - Hal Gill is hit by Patrick O'Sullivan and loses puck.
18:06 of 3rd period - Clarke MacArthur is hit by Ian Laperriere and loses puck.
18:15 of 3rd period - Shot by Sean Bergenheim.
18:15 of 3rd period - Shot Misses the Net.
18:40 of 3rd period - Shot by Anze Kopitar.
18:40 of 3rd period - Shot Blocked by Hal Gill.
18:44 of 3rd period - Shot by Wojtek Wolski.
18:44 of 3rd period - Stopped by Ryan Miller without a rebound.
18:45 of 3rd period - Mike Sillinger wins face-off versus Daniel Brière in Sabres zone.
18:59 of 3rd period - Brian Rolston is hit by Teppo Numminen and loses puck.
19:03 of 3rd period - Minor Penalty to Teppo Numminen for Close Hand On Puck.
19:04 of 3rd period - Pavel Datsyuk wins face-off versus Sidney Crosby in Sabres zone.
19:11 of 3rd period - Shot by Peter Forsberg.
19:11 of 3rd period - Stopped by Ryan Miller without a rebound.
19:12 of 3rd period - Derek Roy wins face-off versus Mike Cammalleri in Sabres zone.
19:44 of 3rd period - Off-side.
19:45 of 3rd period - Derek Roy wins face-off versus Pavel Datsyuk in neutral zone.


Output by the SimonT Hockey Simulator (STHS) for Jason Fisher -- Original Page W3C XHTML 1.0 Valid